 Dungeon Crawl Stone Soup version 0.30.1-9-gdf580d7c3d (webtiles) character file.

Game seed: 1677494954921631163

26 KittyFluff the Trooper (level 3, -2/34 HPs)
             Began as a Gargoyle Berserker on Oct 18, 2023.
             Was a Follower of Trog.
             Slain by a goblin
             ... wielding a +0 dagger
             ... led by Robin
              (3 damage)
             ... on level 2 of the Dungeon.
             The game lasted 00:03:16 (721 turns).

KittyFluff the Trooper (Gargoyle Berserker)          Turns: 721, Time: 00:03:16

Health: -2/34      AC:  6    Str: 22    XL:     3   Next: 8%
Magic:  3/3        EV: 10    Int:  7    God:    Trog [*.....]
Gold:   115        SH:  6    Dex:  9    Spells: 2/2 levels left

rFire   . . .        a - +0 mace
rCold   . . .        j - +0 kite shield
rNeg    + . .        b - +0 animal skin
rPois   ∞            (no helmet)
rElec   +            (no cloak)
rCorr   .            k - +0 pair of gloves
SInv    .            (no boots)
Will    .....        (no amulet) Stlth
                     (no ring)
HPRegen 0.25/turn    (no ring)
MPRegen 0.08/turn

%: no passive effects
@: berserking, very quick
A: sickness immunity, AC +3, negative energy resistance 1, electricity
resistance, torment resistance 1, petrification resistance
a: Renounce Religion, Berserk


You were on level 2 of the Dungeon.
You worshipped Trog.
Trog was aware of your devotion.
You visited 1 branch of the dungeon, and saw 2 of its levels.

You collected 115 gold pieces.

Inventory:

Hand Weapons
 a - a +0 mace (weapon)
 i - a +2 sling of draining
Armour
 b - a +0 animal skin (worn)
 j - a +0 kite shield (worn)
 k - a +0 pair of gloves (worn)
Scrolls
 c - a scroll of enchant weapon {unknown}
 e - a scroll of magic mapping {unknown}
 f - 2 scrolls of teleportation {unknown}
 h - a scroll of fear {unknown}
Potions
 d - a potion of lignification {unknown}
 g - a potion of flight {unknown}


   Skills:
 + Level 3.5 Fighting
 * Level 3.4 Maces & Flails
 * Level 2.8 Armour
 + Level 1.8 Dodging


You had 2 spell levels left.
You didn't know any spells.
Your spell library was empty.

Dungeon Overview and Level Annotations

Branches:
Dungeon (2/15)

Altars:

Annotations:
D:2 Robin


Innate Abilities, Weirdness & Mutations

You are immune to sickness and miasma.
Your stone body is resilient. (AC +3)
You are immune to poison.
You resist negative energy. (rN+)
You are resistant to electric shocks. (rElec)
You are resistant to unholy torment.
You are immune to petrification.


Message History

The goblin closely misses you.
You miss the goblin. You block the goblin's attack.
The goblin hits you with a +0 dagger. You block the goblin's attack.
The goblin hits you with a +0 dagger.
You hit the goblin.
The goblin is heavily wounded.
The goblin barely misses you. The goblin hits you with a +0 dagger.
You hit the goblin.
The goblin is severely wounded.
The goblin hits you but does no damage. The goblin barely misses you.
You hit the goblin.
You kill the goblin!
Trog accepts your kill.
You can now call upon Trog for regeneration and willpower.
You block the goblin's attack. x2; The hobgoblin hits you.
You completely miss the hobgoblin. The goblin hits you but does no damage.
You block the hobgoblin's attack.
You barely miss the hobgoblin.
The goblin no longer looks unusually strong.
The goblin barely misses you. The hobgoblin closely misses you.
You closely miss the hobgoblin. The goblin hits you with a +0 dagger.
The hobgoblin closely misses you.
Robin roars a battlecry!
The goblin goes into a battle-frenzy!
The goblin hits you with a +0 dagger.
* * * LOW HITPOINT WARNING * * *
You block the hobgoblin's attack.
You hear a shout! x2
A red film seems to cover your vision as you go berserk!
You feel yourself moving faster!
You feel mighty!
You can no longer call upon Trog for regeneration and willpower.
The goblin hits you with a +0 dagger.
* * * LOW HITPOINT WARNING * * *
The hobgoblin hits you.
* * * LOW HITPOINT WARNING * * *
You thump the hobgoblin!
You kill the hobgoblin!
Trog accepts your kill. The goblin hits you with a +0 dagger.
You die...

###########
#.........#
#)#...###.#
#@#g.......
#g#..g#....
gg#....g...
..w....gg...
..##....g#g..
..#
#.#...g..#
...
#.###.#..#
.## #.. ##.g.
.. #.


You could see Robin, a dart slug and 2 goblins.

Vanquished Creatures
  An endoplasm (D:1)
  2 giant cockroaches (D:1)
  6 goblins
  A hobgoblin (D:2)
  A quokka (D:1)
  A ball python (D:1)
  5 bats (D:1)
  6 kobolds (D:1)
  2 rats (D:1)
25 creatures vanquished.

Notes
Turn   | Place    | Note
-------+----------+-------------------------------------------
     0 | D:1      | KittyFluff the Gargoyle Berserker began the quest for the
                  | Orb.
     0 | D:1      | Reached XP level 1. HP: 14/14 MP: 1/1
   182 | D:1      | Reached XP level 2. HP: 19/19 MP: 2/2
   692 | D:2      | Noticed Robin
   701 | D:2      | Reached XP level 3. HP: 23/23 MP: 3/3
   716 | D:2      | Reached ** piety under Trog
   720 | D:2      | HP: 1/34 [hobgoblin[Robin] (1)]
   721 | D:2      | Slain by a goblin

Illustrated notes

Levels and vault maps discovered:
D:1:      amcnicky_arrival_double_pillar, layout_loops_cross
D:2:      minmay_skewed_foursquare, layout_basic, minmay_tetromino_s2,
          uniq_natasha, uniq_robin, uniq_terence

Action                     || total
---------------------------++-------
  Melee: Mace              ||    79
 Invoke: Berserk           ||     1
 Armour: Animal skin       ||    34
  Dodge: Dodged            ||    57
  Block: Kite shield       ||    15
